 Dungeon Crawl Stone Soup version 0.17-a0-963-gaa5423c (webtiles) character file.

379198 ololoev the Ruinous (level 21, -2/146 HPs)
             Began as a Red Draconian Conjurer on May 7, 2015.
             Was the Champion of Vehumet.
             Hit by a large rock thrown by a stone giant (44 damage)
             ... on level 5 of the Vaults on May 8, 2015.
             The game lasted 05:23:02 (64508 turns).

ololoev the Ruinous (Red Draconian Conjurer)       Turns: 64508, Time: 05:23:11

Health: -2/146     AC: 20    Str: 11    XL:     21   Next: 86%
Magic:  7/53       EV: 11    Int: 23    God:    Vehumet [******]
Gold:   3017       SH: 15    Dex: 14    Spells: 10 memorised, 20 levels left

rFire  + + +     SeeInvis +     a - staff of fire
rCold  . . .     Clarity  .     (armour unavailable)
rNeg   . . .     SustAb   .     F - +4 shield {reflect}
rPois  .         Gourm    .     s - +0 mask of the Dragon {MR+ Slay+3 SInv}
rElec  .         Spirit   .     u - +2 cloak
rCorr  .         Warding  .     I - +2 pair of gloves {rF+}
rMut   +         Stasis   .     i - +2 pair of boots
MR     ++...                    D - amulet of Zin's Whim {rMut Stlth+}
Stlth  +++.......               e - ring of magical power
                                h - ring of wizardry

@: heavily drained, very resistant to hostile enchantments, fairly stealthy
A: breathe fire, unfitting armour, antennae 1, see invisible, fire resistance 1,
sense surroundings 1, cold-blooded, AC +11
a: Breathe Fire, Renounce Religion
}: 2/15 runes: serpentine, barnacled


Innate Abilities, Weirdness & Mutations

You can breathe blasts of fire.
Your fiery red scales are hard (AC +11).
Your body does not fit into most forms of armour.
Your flesh is heat resistant.
You are cold-blooded and may be slowed by cold attacks.
You have a pair of small antennae on your head.
You have supernaturally acute eyesight.
You passively map a small area around you.

Inventory:

Armour
 i - a +2 pair of boots (worn)
 s - the +0 mask of the Dragon (worn) {MR+ Slay+3 SInv}
   (You bought it in a shop on level 4 of the Orcish Mines)

   It affects your accuracy and damage with ranged weapons and melee attacks
   (+3).
   It affects your resistance to hostile enchantments.
   It enhances your eyesight.
 u - a +2 cloak (worn)
 F - a +4 shield of reflection (worn)
 I - a +2 pair of gloves of fire resistance (worn)
Magical staves
 a - an uncursed staff of fire (weapon)
Jewellery
 b - an uncursed ring of protection from magic
 e - a ring of magical power (right hand)
 h - a ring of wizardry (left hand)
 w - an uncursed ring of teleportation
 A - an uncursed ring of poison resistance
 D - the amulet of Zin's Whim (around neck) {rMut Stlth+}
   (You took it off a merfolk on level 4 of the Shoals)

   [amulet of resist mutation]

   It protects you from mutation.
   It makes you more stealthy.
 K - the ring "Wulident" {rF- MR+ Dex+9}
   (You took it off a merfolk javelineer on level 4 of the Shoals)

   [ring of protection from magic]

   It affects your dexterity (+9).
   It makes you vulnerable to fire.
   It affects your resistance to hostile enchantments.
Magical devices
 z - a wand of hasting (4)
 J - a wand of digging (15)
Scrolls
 d - 2 scrolls of teleportation
 m - 5 scrolls of recharging
 r - 2 scrolls of magic mapping
 y - 3 scrolls of amnesia
 B - 12 scrolls of remove curse
 C - 13 scrolls of identify
 G - a scroll of blinking
 P - a scroll of fog
Potions
 c - 2 potions of haste
 f - 2 potions of heal wounds
 j - 5 potions of agility
 k - a potion of cure mutation
 o - 8 potions of lignification
 q - 9 potions of curing
 v - 3 potions of flight
 M - a potion of brilliance
 N - 2 potions of cancellation
Comestibles
 x - 7 slices of pizza


   Skills:
 - Level 3.6(2.2) Fighting
 - Level 3.4(2.1) Dodging
 - Level 2.8(1.5) Stealth
 + Level 12.4(10.7) Shields
 * Level 19.8(17.8) Spellcasting
 * Level 22.2(20.0) Conjurations
 + Level 21.6(19.5) Fire Magic
 - Level 2.4(1.1) Air Magic


You had 20 spell levels left.
You knew the following spells:

 Your Spells              Type           Power        Failure   Level  Hunger
a - Fire Storm            Conj/Fire      ########..   21%         9    #######
b - Searing Ray           Conj           ######       0%          2    None
c - Fireball              Conj/Fire      ########..   1%          5    None
d - Summon Butterflies    Summ           ###.....     2%          1    None
e - Apportation           Tloc           ###.......   2%          1    None
f - Freezing Cloud        Conj/Ice/Air   ####......   4%          6    ####...
g - Regeneration          Chrm/Necr      ###.......   7%          3    None
h - Orb of Destruction    Conj           #######...   1%          7    #####..
i - Delayed Fireball      Conj/Fire      N/A          1%          7    #####..
k - Flight                Chrm/Air       ###.......   4%          3    None


You were on level 5 of the Vaults.
You worshipped Vehumet.
Vehumet was exalted by your worship.
You were hungry.

You visited 8 branches of the dungeon, and saw 43 of its levels.
You also visited: Bailey, Ice Cave and Volcano.

You collected 4500 gold pieces.
You spent 1483 gold pieces at shops.

, , , * .#.#
* *#.## * ,
.#.# ##..C##
**
##...[.C.* ,
* ##........
* *
##...:.)$}p
* , *
#....$$.(..
*,
*,#.@.!.φ[|.
* *, ,
#.....?.%$.
* , *
##...}.).:.
##........,
, ##pp.(...*
##...## **
.#.# * *
#.## * , ,

Notes
Turn   | Place    | Note
--------------------------------------------------------------
     0 | D:1      | ololoev, the Draconian Conjurer, began the quest for the Orb.
     0 | D:1      | Reached XP level 1. HP: 14/14 MP: 3/3
    90 | D:1      | Reached XP level 2. HP: 7/20 MP: 5/5
   306 | D:1      | Learned a level 2 spell: Searing Ray
   806 | D:2      | Reached XP level 3. HP: 26/26 MP: 6/6
  1079 | D:2      | Reached skill level 5 in Conjurations
  1226 | D:2      | Found an iron altar of Okawaru.
  1354 | D:2      | Found a sacrificial altar of Ru.
  1517 | D:2      | Learned a level 3 spell: Dazzling Spray
  1574 | D:2      | Found a radiant altar of Vehumet.
  1592 | D:2      | Became a worshipper of Vehumet
  1719 | D:2      | Reached XP level 4. HP: 33/33 MP: 8/8
  2076 | D:3      | Reached XP level 5. HP: 38/38 MP: 1/9
  2302 | D:3      | Reached skill level 6 in Conjurations
  2594 | D:3      | Acquired Vehumet's first power
  2594 | D:3      | Offered knowledge of Sting by Vehumet.
  3176 | D:4      | Reached XP level 6. HP: 16/45 MP: 1/11
  3373 | D:4      | Found a glowing silver altar of Zin.
  3402 | D:4      | Found a snail-covered altar of Cheibriados.
  3659 | D:4      | Found a white marble altar of Elyvilon.
  3700 | D:4      | Found an iron altar of Okawaru.
  3756 | D:4      | Found Vaydisor's Jewellery Shoppe.
  3776 | D:4      | Bought a +2 ring of intelligence for 75 gold pieces
  3831 | D:4      | Reached skill level 7 in Conjurations
  3963 | D:4      | Offered knowledge of Freeze by Vehumet.
  4100 | D:5      | Entered Level 5 of the Dungeon
  4100 | D:5      | Found a staircase to the Ecumenical Temple.
  4168 | D:5      | Your scales start taking on a fiery red colour.
  4168 | D:5      | Gained mutation: Your flesh is heat resistant. [Red Draconian growth]
  4168 | D:5      | Reached XP level 7. HP: 36/50 MP: 8/13
  4293 | D:5      | Reached skill level 8 in Conjurations
  4321 | D:5      | Found Asotugir's Weapon Shoppe.
  5012 | D:5      | Reached skill level 5 in Spellcasting
  5182 | D:6      | Reached XP level 8. HP: 57/57 MP: 9/15
  5392 | D:6      | Found a runed door.
  5404 | D:6      | Reached skill level 9 in Conjurations
  5830 | D:6      | Offered knowledge of Throw Frost by Vehumet.
  6242 | D:6      | Acquired Vehumet's second power
  6397 | D:6      | Reached skill level 10 in Conjurations
  6707 | D:6      | Found a roughly hewn altar of Beogh.
  6746 | D:6      | Offered knowledge of Throw Icicle by Vehumet.
  6746 | D:6      | Reached XP level 9. HP: 62/62 MP: 7/18
  7141 | D:7      | Got an ancient long sword
  7142 | D:7      | Identified the +4 long sword "Idwalyhu" {venom, +Inv +Fly rElec MR-} (You found it on level 7 of the Dungeon)
  7524 | D:7      | Reached skill level 11 in Conjurations
  7573 | D:7      | Acquired Vehumet's third power
  7686 | D:7      | Found an ancient bone altar of Kikubaaqudgha.
  8114 | D:8      | Offered knowledge of Bolt of Draining by Vehumet.
  8356 | D:8      | Reached skill level 12 in Conjurations
  8510 | D:8      | Reached XP level 10. HP: 44/69 MP: 6/21
  8670 | D:8      | Found a staircase to the Lair.
  8751 | D:8      | Reached skill level 1 in Fighting
 10462 | D:9      | Offered knowledge of Bolt of Fire by Vehumet.
 10475 | D:9      | Learned a level 6 spell: Bolt of Fire
 10573 | D:9      | Found a deep blue altar of Sif Muna.
 10658 | D:9      | Found a basalt altar of Yredelemnul.
 10733 | D:9      | Reached skill level 1 in Fire Magic
 10771 | D:9      | Noticed Erica
 10780 | D:9      | Killed Erica
 10835 | D:9      | Reached skill level 5 in Fire Magic
 11085 | D:10     | Entered Level 10 of the Dungeon
 11168 | D:10     | Found a shimmering altar of Xom.
 11608 | D:10     | Noticed a hill giant
 11622 | D:10     | Killed a hill giant
 11622 | D:10     | Reached XP level 11. HP: 66/82 MP: 5/22
 11756 | D:10     | Found a basalt altar of Yredelemnul.
 12061 | D:10     | Reached skill level 10 in Fire Magic
 12600 | D:11     | Found an opulent altar of Gozag.
 12799 | D:11     | Killed an unseen horror
 12939 | D:11     | Got a warped steel ring
 13027 | D:11     | Found a flagged portal.
 13032 | Bailey   | Entered a bailey
 13034 | Bailey   | Identified the ring of Heresy {rF+ MP-9 Str+7 Dex+2} (You found it on level 11 of the Dungeon)
 13475 | Bailey   | Found a bloodstained altar of Trog.
 13734 | D:11     | Noticed a hill giant
 13741 | D:11     | Killed a hill giant
 13876 | D:11     | Noticed a skeletal warrior
 13878 | D:11     | Noticed a skeletal warrior
 13880 | D:11     | Noticed a skeletal warrior
 13881 | D:11     | Killed a skeletal warrior
 13881 | D:11     | Reached skill level 13 in Fire Magic
 13881 | D:11     | Killed a skeletal warrior
 13882 | D:11     | Noticed a skeletal warrior
 13884 | D:11     | Noticed a skeletal warrior
 13922 | D:11     | Killed a skeletal warrior
 14045 | D:11     | Killed a skeletal warrior
 14045 | D:11     | Reached XP level 12. HP: 55/90 MP: 0/23
 14045 | D:11     | Killed a skeletal warrior
 14045 | D:11     | Reached skill level 14 in Fire Magic
 14438 | D:12     | Noticed Azrael
 14880 | D:4      | Bought an uncursed ring of magical power for 200 gold pieces
 15047 | Lair:1   | Entered Level 1 of the Lair of Beasts
 15072 | Lair:1   | Noticed Sonja
 15074 | Lair:1   | Killed Sonja
 15108 | Lair:1   | Reached skill level 15 in Fire Magic
 15248 | Lair:1   | Found a frozen archway.
 15262 | Lair:1   | Noticed Joseph
 15266 | Lair:1   | Killed Joseph
 15408 | IceCv    | Entered an ice cave
 16057 | IceCv    | Found an ancient bone altar of Kikubaaqudgha.
 16281 | IceCv    | Offered knowledge of Ozocubu's Refrigeration by Vehumet.
 18614 | Lair:3   | Reached XP level 13. HP: 95/95 MP: 26/26
 18619 | Lair:3   | Reached skill level 16 in Fire Magic
 18689 | Lair:3   | Reached skill level 1 in Shields
 19068 | Lair:3   | Offered knowledge of Bolt of Magma by Vehumet.
 19576 | Lair:4   | Reached skill level 10 in Spellcasting
 20344 | Lair:5   | Found a staircase to the Shoals.
 20662 | Lair:5   | Learned a level 1 spell: Apportation
 20664 | Lair:5   | Learned a level 1 spell: Summon Butterflies
 20853 | Lair:5   | Reached skill level 5 in Shields
 21738 | Lair:6   | HP: 4/95 [something (7)]
 22293 | Lair:6   | Found a staircase to the Slime Pits.
 22334 | Lair:6   | Learned a level 5 spell: Fireball
 22358 | Lair:6   | Found a staircase to the Snake Pit.
 22448 | Lair:6   | Offered knowledge of Freezing Cloud by Vehumet.
 22448 | Lair:6   | Reached XP level 14. HP: 102/102 MP: 28/28
 24204 | Lair:8   | Entered Level 8 of the Lair of Beasts
 24214 | Lair:7   | Learned a level 6 spell: Freezing Cloud
 24530 | Lair:8   | Found a dark tunnel.
 24539 | Volcano  | Entered a volcano
 24785 | Lair:8   | Learned a level 3 spell: Regeneration
 25265 | Lair:8   | Offered knowledge of Conjure Ball Lightning by Vehumet.
 25359 | Lair:8   | Reached skill level 15 in Conjurations
 25553 | Lair:8   | Reached skill level 17 in Fire Magic
 25813 | Lair:8   | Got a jewelled mace
 25814 | Lair:8   | Identified the +4 mace of Prudence {antimagic, rF+ rC++ rN+ MR-} (You found it on level 8 of the Lair of Beasts)
 26191 | Lair:8   | Reached XP level 15. HP: 107/107 MP: 24/31
 26994 | D:12     | Killed Azrael
 27309 | D:12     | Found a staircase to the Orcish Mines.
 27378 | D:12     | Gained mutation: You have a pair of small horns on your head. [mutagenic meat]
 27379 | D:12     | Gained mutation: Your tail ends in a poisonous barb. [mutagenic meat]
 27380 | D:12     | Gained mutation: Scrolls take you a little longer to read. [mutagenic meat]
 27381 | D:12     | Gained mutation: Your magical capacity is low (-10% MP). [mutagenic meat]
 27382 | D:12     | Lost mutation: Your tail ends in a poisonous barb. [potion of cure mutation]
 27382 | D:12     | Lost mutation: Your magical capacity is low (-10% MP). [potion of cure mutation]
 27382 | D:12     | Lost mutation: Scrolls take you a little longer to read. [potion of cure mutation]
 27382 | D:12     | Lost mutation: You have a pair of small horns on your head. [potion of cure mutation]
 28254 | D:13     | Offered knowledge of Orb of Destruction by Vehumet.
 28254 | D:13     | Reached skill level 1 in Air Magic
 28265 | D:13     | Learned a level 7 spell: Orb of Destruction
 30203 | Orc:1    | Entered Level 1 of the Orcish Mines
 30214 | Orc:1    | Upgraded the game from 0.17-a0-957-ga3519be to 0.17-a0-963-gaa5423c
 30925 | Orc:2    | Found Ixedi's Weapon Shop.
 31605 | Orc:3    | Offered knowledge of Delayed Fireball by Vehumet.
 31628 | Orc:3    | Learned a level 7 spell: Delayed Fireball
 31811 | Orc:3    | Found a burning altar of Makhleb.
 32180 | Orc:4    | Entered Level 4 of the Orcish Mines
 32634 | Orc:4    | Offered knowledge of Lehudib's Crystal Spear by Vehumet.
 32634 | Orc:4    | Offered knowledge of Fire Storm by Vehumet.
 32634 | Orc:4    | Offered knowledge of Glaciate by Vehumet.
 32696 | Orc:4    | Found a roughly hewn altar of Beogh.
 32708 | Orc:4    | Found Xeypuzaq's Antique Armour Boutique.
 32725 | Orc:4    | Found Meig's Antique Armour Shop.
 32740 | Orc:4    | Bought a spiked cloak for 237 gold pieces
 32750 | Orc:4    | Bought a runed buckler for 112 gold pieces
 32781 | Orc:4    | Identified the +0 cloak of Death's Door {MR+ Str+5 Int-3} (You bought it in a shop on level 4 of the Orcish Mines)
 32793 | Orc:4    | Bought the +0 mask of the Dragon {MR+ Slay+3 SInv} for 835 gold pieces
 33957 | Orc:4    | Found Icuwoe Ytha's General Store.
 34056 | Orc:4    | Bought a scroll of identify for 24 gold pieces
 34070 | Orc:4    | Found a roughly hewn altar of Beogh.
 34088 | Orc:4    | Found Hopull's Weapon Boutique.
 34751 | Orc:4    | Found a staircase to the Elven Halls.
 35356 | Orc:4    | Reached XP level 16. HP: 115/115 MP: 24/33
 35692 | D:14     | Learned a level 9 spell: Fire Storm
 36074 | D:14     | Found a gate to the Vaults.
 36242 | D:15     | Entered Level 15 of the Dungeon
 36628 | D:15     | Reached skill level 18 in Fire Magic
 37384 | D:15     | Found a staircase to the Depths.
 37551 | Depths:1 | Entered Level 1 of the Depths
 37551 | Depths:1 | Found Zasuagug's Gadget Shoppe.
 38381 | Snake:1  | Entered Level 1 of the Snake Pit
 38456 | Snake:1  | Noticed Nikola
 38460 | Snake:1  | Killed Nikola
 38835 | Snake:1  | Noticed Aizul
 38845 | Snake:1  | Killed Aizul
 39570 | Snake:1  | Noticed Asterion
 40668 | Snake:1  | Reached skill level 15 in Spellcasting
 41911 | Snake:2  | Reached XP level 17. HP: 121/121 MP: 16/36
 41919 | Snake:2  | Gained mutation: Scrolls take you a little longer to read. [mutagenic meat]
 41920 | Snake:2  | Gained mutation: Your large and strong wings let you fly indefinitely. [mutagenic meat]
 41922 | Snake:2  | Gained mutation: You are occasionally teleported to nearby monsters. [mutagenic meat]
 41923 | Snake:2  | Gained mutation: You evolve. [mutagenic meat]
 41924 | Snake:2  | Lost mutation: Scrolls take you a little longer to read. [potion of cure mutation]
 41924 | Snake:2  | Lost mutation: You evolve. [potion of cure mutation]
 41924 | Snake:2  | Lost mutation: You are occasionally teleported to nearby monsters. [potion of cure mutation]
 41924 | Snake:2  | Lost mutation: Your large and strong wings let you fly indefinitely. [potion of cure mutation]
 41925 | Snake:2  | Gained mutation: You passively map a small area around you. [mutagenic meat]
 43544 | Snake:3  | Noticed Vashnia
 43548 | Snake:3  | Killed Vashnia
 44949 | Snake:3  | Reached skill level 19 in Fire Magic
 45803 | Snake:4  | Entered Level 4 of the Snake Pit
 45830 | Snake:4  | Noticed Mara
 45881 | Snake:4  | Noticed Louise
 45885 | Snake:4  | Killed Louise
 46230 | Snake:4  | Noticed Donald
 46237 | Snake:4  | Killed Donald
 46291 | Snake:4  | Noticed Jorgrun
 46676 | Shoals:1 | Entered Level 1 of the Shoals
 47724 | Shoals:2 | Reached XP level 18. HP: 88/127 MP: 20/38
 47928 | Shoals:2 | Got a heavily runed shield
 47939 | Shoals:2 | Identified the +5 shield of Defence {rN+} (You found it on level 2 of the Shoals)
 47959 | Shoals:2 | Learned a level 3 spell: Flight
 48039 | Shoals:2 | Noticed Polyphemus
 48051 | Shoals:2 | Killed Polyphemus
 49401 | Shoals:2 | HP: 5/127 [poisoned by a sea snake]
 50336 | Shoals:3 | Identified the Papyrus of the Birds
 50343 | Shoals:3 | Gained mutation: You have supernaturally acute eyesight. [potion of beneficial mutation]
 50688 | Shoals:4 | Entered Level 4 of the Shoals
 51016 | Shoals:4 | Found Fiet's Antique Weapon Shop.
 51827 | Shoals:4 | Got a vibrating graven amulet
 51829 | Shoals:4 | Identified the amulet of Zin's Whim {rMut Stlth+} (You took it off a merfolk on level 4 of the Shoals)
 51848 | Shoals:4 | Got a coiled golden ring
 52064 | Shoals:4 | Identified the Tome of Mutagenic Conjuration
 52132 | Shoals:4 | Noticed Ilsuiw
 52152 | Shoals:4 | Killed Ilsuiw
 52273 | Shoals:4 | Reached XP level 19. HP: 85/133 MP: 39/40
 52748 | Shoals:4 | Got a barnacled rune of Zot
 52900 | Lair:6   | Killed Asterion
 53253 | Snake:4  | Reached skill level 20 in Fire Magic
 53860 | Snake:4  | Noticed ololoev's illusion
 54836 | Snake:4  | Killed Jorgrun
 54862 | Snake:4  | Identified the ring "Wulident" {rF- MR+ Dex+9} (You took it off a merfolk javelineer on level 4 of the Shoals)
 55050 | Snake:4  | Got a serpentine rune of Zot
 55084 | Snake:4  | Noticed ololoev's illusion
 55091 | Snake:4  | Killed Mara
 55151 | Snake:4  | Gained mutation: You have a pair of small antennae on your head. [potion of beneficial mutation]
 55422 | Slime:1  | Entered Level 1 of the Pits of Slime
 55447 | Slime:1  | Reached skill level 10 in Shields
 56089 | Vaults:1 | Entered Level 1 of the Vaults
 56473 | Vaults:1 | Found a white marble altar of Elyvilon.
 57552 | Vaults:1 | Reached XP level 20. HP: 140/140 MP: 40/42
 59184 | Vaults:2 | Reached skill level 21 in Conjurations
 60179 | Vaults:2 | Found a staircase to the Crypt.
 60441 | Vaults:3 | Noticed Mennas
 60442 | Vaults:3 | Killed Mennas
 60788 | Vaults:3 | Noticed namelastname112's ghost (mighty DrWz)
 60799 | Vaults:3 | Killed namelastname112's ghost
 62065 | Vaults:3 | Reached XP level 21. HP: 124/146 MP: 38/44
 63429 | Vaults:4 | Found Patieskyni's Weapon Shoppe.
 64219 | Vaults:5 | Entered Level 5 of the Vaults
 64222 | Vaults:5 | Reached skill level 22 in Conjurations
 64508 | Vaults:5 | Hit by a large rock thrown by a stone giant

Dungeon Overview and Level Annotations

Branches:
Dungeon (15/15)            Temple (0/1) D:5            Lair (8/8) D:8
 Shoals (4/4) Lair:5        Snake (4/4) Lair:6        Slime (2/6) Lair:6
    Orc (4/4) D:12            Elf (0/3) Orc:4        Vaults (5/5) D:14
  Crypt (0/3) Vaults:2     Depths (1/5) D:15

Altars:
Cheibriados
Elyvilon
Gozag
Kikubaaqudgha
Makhleb
Okawaru
Ru
Sif Muna
Vehumet
Xom
Yredelemnul
Zin
Beogh

Shops:
D:4 =   D:5 (   Orc:2 (   Orc:4 *([[   Shoals:4 (   Vaults:4 (   Depths:1 }


Message History

The shadow dragon breathes negative energy at you.
The bolt of negative energy hits you!
You feel drained.
You hear a shout! x2
You hear a shout!
Read which item? (? for menu, Esc to quit)
As you read the scroll of teleportation, it crumbles to dust.
You feel strangely unstable.
The shadow dragon breathes negative energy at you.
The bolt of negative energy hits you!
You feel drained.
A yaktaur captain comes into view.
Your surroundings suddenly seem different.
The yaktaur captain wields an arbalest.
The yaktaur captain shoots a bolt.
You reflect the bolt off your +4 shield of reflection!
The bolt hits the yaktaur captain!!
A quicksilver dragon comes into view.
The quicksilver dragon breathes energy at you.
The bolt of dispelling energy hits you!
Your charged fireball dissipates.
Your magical effects are unravelling.
Found a bolt.
A yaktaur captain comes into view. It is wielding an arbalest.
Read which item? (? for menu, Esc to quit)
As you read the scroll of teleportation, it crumbles to dust.
You feel strangely unstable.
The sentinel's mark upon you fades away.
The yaktaur captain shoots a bolt.
The bolt hits you!!
Read which item? (? for menu, Esc to quit)
As you read the scroll of fog, it crumbles to dust.
The scroll dissolves into smoke.
Drink which item? (? for menu, Esc to quit)
You feel much better.
You block the quicksilver dragon's attack. x2
Your surroundings suddenly seem different.
A vault sentinel comes into view. It is wielding a long sword.
The vault sentinel shouts!
The vault sentinel unwields an uncursed long sword.
The vault sentinel wields an arbalest.
The vault sentinel shoots a bolt.
The bolt hits you!
The stone giant throws a large rock.
The large rock hits you!!!
You die...

You could see a stone giant, an ettin, 2 vault sentinels and an ironbrand convoker.

Vanquished Creatures
  Mara (Snake:4)
  Mennas (Vaults:3)
  Vashnia (Snake:3)
  The ghost of namelastname112 the Eclecticist, a mighty DrWz of Vehumet (Vaults:3)
  Nikola (Snake:1)
  Jorgrun (Snake:4)
  A tentacled monstrosity (Vaults:2)
  Asterion (Lair:6)
  Polyphemus (Shoals:2)
  3 sphinxes
  A shadow dragon (Vaults:5)
  An ancient champion (Vaults:2)
  2 tengu reavers
  Ilsuiw (Shoals:4)
  7 greater nagas (Snake:4)
  A frost giant (Vaults:4)
  Donald (Snake:4)
  9 vault wardens
  Aizul (Snake:1)
  Louise (Snake:4)
  An orc warlord (Orc:4)
  A spectral weapon (Snake:1)
  11 ironheart preservers
  A war gargoyle (Vaults:5)
  5 stone giants
  Azrael (D:12)
  7 merfolk javelineers
  A crystal guardian (Vaults:4)
  A deep elf high priest (Vaults:5)
  A yaktaur captain (Vaults:3)
  4 ettins
  A fire dragon (D:15)
  9 merfolk impalers
  2 great orbs of eyes
  4 hydras
  27 vault guards
  A rakshasa (Vaults:2)
  15 naga warriors
  12 anacondas
  2 merfolk avatars
  5 catoblepae
  Erica (D:9)
  2 salamander stormcallers (Vaults:4)
  8 merfolk aquamancers
  An alligator snapping turtle (Shoals:4)
  12 centaur warriors
  A tengu warrior (D:15)
  An alligator (shapeshifter) (Vaults:4)
  9 ogre magi
  3 deep troll earth magi (Vaults:4)
  25 death yaks
  8 shock serpents
  7 orc high priests (Orc:4)
  17 naga sharpshooters
  Sonja (Lair:1)
  3 satyrs
  9 skeletal warriors
  3 fire crabs
  2 deep elf knights
  5 hill giants
  A salamander mystic (Snake:4)
  19 sea snakes
  A deep elf summoner (Vaults:4)
  4 unseen horrors
  An ice statue (IceCv)
  17 harpies
  2 deep trolls
  5 necromancers
  15 ironbrand convokers
  12 mana vipers
  3 deep elf conjurers
  7 orc sorcerers
  12 naga ritualists
  2 giant orange brains
  26 ugly things
  A frost giant zombie (Vaults:1)
  A hornet (Vaults:3)
  19 griffons
  16 orc knights
  3 wizards
  9 manticores
  20 fauns
  6 wolf spiders
  A hornet (shapeshifter) (Vaults:3)
  2 oklob plants
  A shining eye (Slime:1)
  6 water nymphs
  4 cyclopes
  7 sirens
  35 slime creatures
  5 guardian serpents
  3 elephants (Lair:4)
  44 black mambas
  A gargoyle (Lair:8)
  26 naga magi
  Joseph (Lair:1)
  3 torpor snails
  A stone giant skeleton (Vaults:2)
  20 vault sentinels
  14 salamanders
  4 kobold demonologists
  2 demonic crawlers (D:13)
  6 komodo dragons
  3 deep elf priests
  17 spiny frogs
  12 freezing wraiths
  A tengu conjurer (D:14)
  32 yaktaurs
  A yaktaur skeleton (Vaults:1)
  2 fire drakes (Lair:7)
  A troll (shapeshifter) (Vaults:3)
  15 two-headed ogres
  3 polar bears
  2 jumping spiders (shapeshifter) (D:14)
  40 merfolk
  17 blink frogs
  11 trolls
  5 ravens
  3 wind drakes (Shoals:3)
  7 boulder beetles
  9 snapping turtles
  A stone giant simulacrum (Vaults:1)
  4 deep elf magi
  A spriggan (Lair:2)
  69 yaks
  12 water elementals
  A human (D:9)
  2 trapdoor spiders
  A vampire (D:14)
  A wyvern (shapeshifter) (Vaults:3)
  A wyvern (D:12)
  4 wraiths
  3 basilisks
  21 hippogriffs
  3 deep elf fighters
  3 fire elementals (D:12)
  2 hungry ghosts (D:11)
  A steam dragon (Lair:5)
  3 fire bats (Lair:8)
  13 wargs
  29 vampire mosquitoes
  10 wolves
  An insubstantial wisp (Lair:3)
  A mottled dragon (Vaults:1)
  53 nagas
  20 water moccasins
  A soldier ant (D:12)
  9 porcupines
  5 hell hounds (D:12)
  2 black bears
  9 ice beasts
  4 phantoms
  72 orc warriors
  4 sky beasts
  2 alligator simulacra (IceCv)
  An ice beast (shapeshifter) (D:14)
  6 boggarts
  46 ogres
  An orc skeleton (Vaults:1)
  14 centaurs
  5 big kobolds
  17 crocodiles
  A brain worm (D:15)
  2 wyvern zombies
  A crocodile (shapeshifter) (Vaults:4)
  15 giant frogs
  3 scorpions
  A scorpion (shapeshifter) (Vaults:2)
  2 human simulacra
  11 killer bees
  26 wights
  2 elf skeletons (Vaults:1)
  5 giant frog zombies
  6 crimson imps
  44 orc priests
  2 quasits
  9 jellies
  5 centaur zombies
  4 giant frog skeletons
  A wasp zombie (D:5)
  9 hounds
  15 iguanas
  6 human zombies
  38 orc wizards
  6 centaur skeletons
  4 draconian simulacra (IceCv)
  11 worker ants
  3 human skeletons
  3 spriggan simulacra (IceCv)
  A boulder beetle simulacrum (Vaults:1)
  A polar bear simulacrum (IceCv)
  4 troll simulacra (IceCv)
  13 sheep
  A wolf simulacrum (IceCv)
  7 centaur simulacra
  A hound zombie (D:6)
  3 mummies (D:7)
  4 ogre simulacra (IceCv)
  39 river rats
  15 adders
  12 gnolls
  24 white imps
  3 shadow imps
  12 oozes
  An adder skeleton (D:9)
  An adder zombie (D:9)
  5 worms
  8 giant geckos
  362 orcs
  A bat skeleton (D:5)
  6 giant cockroaches
  26 goblins
  20 hobgoblins
  13 jackals
  38 kobolds
  11 quokkas
  2 ball pythons
  A ball python skeleton (D:4)
  10 bats
  A giant gecko skeleton (D:4)
  3 giant newts
  2 giant spores
  A jackal skeleton (D:4)
  2 orc zombies
  A quokka skeleton (D:4)
  13 rats
  8 ballistomycetes
  3 bushes (Lair:1)
  3 butterflies (Snake:4)
  9 fungi
  24 plants
2244 creatures vanquished.

Vanquished Creatures (collateral kills)
  2 acid blobs (Slime:1)
  An ancient champion (Vaults:2)
  A shadow dragon (Vaults:5)
  2 vault wardens (Vaults:2)
  3 stone giants
  An ironheart preserver (Vaults:4)
  3 vault guards (Vaults:5)
  2 yaktaur captains
  A deep elf high priest (Vaults:5)
  An ice dragon (Vaults:2)
  A merfolk aquamancer (Shoals:4)
  2 orc knights
  3 ironbrand convokers
  2 harpies (Vaults:3)
  An ugly thing (Vaults:4)
  A siren (Shoals:4)
  2 two-headed ogres
  A boulder beetle (Vaults:3)
  A redback (Vaults:1)
  4 slime creatures (Slime:1)
  A fire elemental (Lair:8)
  A deep elf fighter (Vaults:4)
  2 orc warriors
  A centaur (Vaults:3)
  A jelly (Slime:1)
  An orc wizard (Vaults:1)
  2 orcs
  A kobold (Vaults:2)
  A butterfly (Snake:4)
  A plant (Lair:6)
47 creatures vanquished.

Vanquished Creatures (others)
  2 anacondas (Snake:1)
  228 fire vortices
  A water elemental (Lair:8)
  A naga (Snake:1)
  A giant frog skeleton (D:12)
  A giant spore (D:10)
  9 fungi (Lair:7)
  7 plants
250 creatures vanquished.

Grand Total: 2541 creatures vanquished

Action                   |  1- 3 |  4- 6 |  7- 9 | 10-12 | 13-15 | 16-18 | 19-21 || total
-------------------------+-------+-------+-------+-------+-------+-------+-------++-------
Melee: Unarmed           |     4 |       |       |       |       |       |       ||     4
       Dagger            |   101 |   106 |       |       |       |       |       ||   207
       Flail             |       |     6 |    93 |    99 |    44 |       |       ||   242
       Staff             |       |       |       |       |    79 |    11 |    10 ||   100
 Cast: Magic Dart        |    13 |    26 |    43 |    36 |       |       |       ||   118
       Searing Ray       |     3 |    20 |    65 |   140 |    61 |     6 |     3 ||   298
       Dazzling Spray    |       |     4 |    19 |    21 |       |       |       ||    44
       Bolt of Fire      |       |       |       |   106 |   290 |   111 |    29 ||   536
       Fireball          |       |       |       |       |   270 |   528 |   246 ||  1044
       Apportation       |       |       |       |       |     7 |       |       ||     7
       Orb of Destructio |       |       |       |       |     3 |    38 |    49 ||    90
       Freezing Cloud    |       |       |       |       |     3 |       |       ||     3
       Delayed Fireball  |       |       |       |       |     1 |    11 |     2 ||    14
       Fire Storm        |       |       |       |       |       |    13 |   175 ||   188
       Regeneration      |       |       |       |       |       |     5 |     9 ||    14
 Abil: Breathe Fire      |       |       |    19 |    33 |    15 |     8 |     4 ||    79
       Release Delayed F |       |       |       |       |       |    11 |     2 ||    13
Evoke: Wand              |       |       |     3 |     2 |     4 |       |       ||     9
       Phial of floods   |       |       |       |       |     3 |     2 |       ||     5
       Lamp of fire      |       |       |       |       |       |     1 |       ||     1
  Use: Scroll            |     3 |     7 |    10 |    13 |    17 |    15 |    12 ||    77
       Potion            |       |       |     1 |     1 |     4 |    16 |     8 ||    30
 Stab: Sleeping          |       |     3 |       |     1 |     1 |       |       ||     5
  Eat: Chunk             |     3 |     9 |    16 |    33 |   126 |    71 |   102 ||   360
       Pizza             |       |       |     1 |     1 |       |     1 |     3 ||     6
       Fruit             |       |       |       |    12 |    21 |     2 |     5 ||    40
       Meat ration       |       |       |       |     3 |     6 |     3 |     3 ||    15
       Royal jelly       |       |       |       |     2 |       |     1 |       ||     3
       Bread ration      |       |       |       |     3 |     1 |    10 |     8 ||    22
       Beef jerky        |       |       |       |       |     2 |     7 |     1 ||    10

Vault maps used:
D:1:      elethiomel_arrival_quiet, minmay_fountain_box, serial_park_tiny_1,
          supply_closet_lemuel
D:2:      overflow_temple_1_default, vehumet_crystals, hangedman_ru_absence
D:3:      st_stairs_14
D:4:      elyvilon_altar_4, grunt_temple_overflow_open, serial_shops,
          nicolae_shop_trees, okawaru_gym_becter
D:5:      minmay_temple_entry_trees, serial_shops, shop, first_bread
D:6:      lightli_church_of_beogh
D:7:      lemuel_mausoleum_altar_kikubaaqudgha
D:8:      erik_lair_orcish_takeover, abandoned_shop
D:9:      kennysheep_mini, grunt_livestock, lemuel_blue_sif_altar, uniq_erica
D:10:     basic_altar, yredelemnul_altar_generic
D:11:     enter_bailey_3, nicolae_gozag_cash_rules_everything_around_me
D:12:     orc_0_dummy, minmay_misc_feat_roman, uniq_azrael
D:13:     einodemon_crawler_minivault
D:14:     david_vaults_4, minmay_misc_feat_tiny
D:15:     grunt_enter_depths_magical_seal, minmay_misc_feat_room
Lair:1:   portal_ice_cave_entry_imps, minmay_lair_oklob_bushes, uniq_sonja,
          uniq_joseph
Lair:2:   grunt_forest_large_clearing_hut, grunt_megastairs_3
Lair:3:   pond, bh_autumn_forest_stairs
Lair:5:   elwin_shoals_entry_rocks, beast_lair_carwin_10, grunt_megastairs_2
Lair:6:   guppyfry_snake_entry_garden, dpeg_slime_entry_corner,
          grunt_megastairs_4
Lair:7:   lemuel_slime, infiniplex_staircase_pool
Lair:8:   evilmike_catoblepas_cave, nicolae_volcano_entry_batcave, st_stairs_11,
          columned_hall_lemuel, zaba_anthole
Shoals:2: uniq_polyphemus
Shoals:3: st_sunken_huts
Shoals:4: serial_shops, nicolae_shop_trees, shoals_end_hangedman, shoal_ilsuiw
Snake:1:  grunt_ministairs_12, uniq_nikola, uniq_asterion, uniq_aizul
Snake:2:  grunt_ministairs_6, basic_stair_grate_trap, serial_bayou_shore_b
Snake:3:  uniq_vashnia
Snake:4:  snake_pit, st_stairs_8, uniq_louise, uniq_donald, uniq_jorgrun,
          uniq_mara
Slime:2:  basic_altar, cheibrodos_slime_lost_civilization_6
Orc:2:    serial_shops, nicolae_shop_waterfront
Orc:3:    nicolae_orc_pool_cavern, bloody_makhleb
Orc:4:    pubby_orc_utopia
Vaults:1: vaults_room_corners, nicolae_vaults_what_the_h, vaults_room_pools,
          nicolae_vaults_yaktaur_gun_rack, dpeg_vaults_monster_row,
          nicolae_vaults_three_branches, v_pattern_3, vaults_dpeg_ring,
          ontoclasm_vaults_idyll, v_alt_pattern_1, nicolae_vaults_asterisk,
          basic_altar
Vaults:2: v_misc_18, minmay_crypt_entry_simple_walls,
          vaults_mumra_minichess_inversion, v_misc_17,
          nicolae_vaults_windows_and_doors_thing, v_alt_pattern_6,
          vaults_room_door_ring, nicolae_vaults_ring_of_whatevers,
          vaults_room_hallway
Vaults:3: nicolae_vaults_little_squares_2, v_alt_pattern_2,
          ontoclasm_vaults_gateway, vaults_room_boxed, v_misc_28, v_rooms_2,
          v_alt_pattern_6, ontoclasm_vaults_misaligned,
          ontoclasm_vaults_claustrophobia, hangedman_vaults_maws,
          ontoclasm_vaults_misaligned, vaults_room_pool, ontoclasm_vaults_twist,
          uniq_mennas
Vaults:4: grunt_vaults_hallway_long, v_alt_pattern_3, vaults_room_corners,
          stair_cage_open, st_diamondy, vaults_room_door_hall,
          grunt_vaults_swirl, hangedman_vaults_cutoff, v_misc_3,
          vaults_mumra_hex, vaults_room_pool, ontoclasm_vaults_pinch,
          ontoclasm_vaults_decontamination, v_misc_24,
          nicolae_vaults_shelves_hall, serial_shops,
          nicolae_shop_window_shopping
Vaults:5: uniq_wiglaf
Depths:1: serial_shops, shop, hell_entry, lemuel_round_altar, spider_trap,
          corexii_leaking_fountain, kennysheep_doodads, minmay_holes,
          corner_web_ring, nrook_mini_vaults, minmay_protected_statue,
          firewood_loft, uniq_norris
Bailey:   bailey_axe_3, bailey
IceCv:    ice_cave_small_necro
Volcano:  volcano_caves
